 Dungeon Crawl Stone Soup version 0.30-a0-586-g23e55c9e0a (webtiles) character file.

Game seed: 7721728918537502198

769 wormed the Thrower (level 7, -2/60 HPs)
             Began as a Gnoll Wanderer on Jan 4, 2023.
             Was an Initiate of Cheibriados.
             Killed by nerve-wracking pain
             ... invoked by Grinder
              (12 damage)
             ... on level 5 of the Dungeon.
             The game lasted 00:09:26 (6321 turns).

wormed the Thrower (Gnoll Wanderer)                 Turns: 6321, Time: 00:09:26

Health: -2/60      AC:  7    Str: 19    XL:     7   Next: 82%
Magic:  20/20      EV: 12    Int: 11    God:    Cheibriados [......]
Gold:   155        SH:  0    Dex:  9    Spells: 8/11 levels left

rFire   . . .      SeeInvis +    l - +0 shortbow
rCold   . . .      Faith    .    (shield currently unavailable)
rNeg    . . .      Spirit   .    b - +1 robe {Will+}
rPois   .          Reflect  .    d - +0 helmet
rElec   .          Harm     .    f - +0 cloak
rCorr   .          Rampage  .    m - +0 pair of gloves
Will    +....                    (no boots)
Stlth   ++                       (no amulet)
HPRegen 0.30/turn                n - ring of see invisible
MPRegen 0.17/turn                i - ring of magical power

@: very slow
A: fangs 1, strong nose, distributed training
a: Renounce Religion


You were on level 5 of the Dungeon.
You worshipped Cheibriados.
Cheibriados was noncommittal.
You visited 2 branches of the dungeon, and saw 6 of its levels.

You collected 155 gold pieces.

Inventory:

Hand Weapons
 e - a +2 quarterstaff of chaos
 l - a +0 shortbow (weapon)
Armour
 b - a +1 robe of willpower (worn)
 d - a +0 helmet (worn)
 f - a +0 cloak (worn)
 m - a +0 pair of gloves (worn)
Jewellery
 i - a ring of magical power (right hand)
 n - a ring of see invisible (left hand)
Scrolls
 p - 2 scrolls of identify
Potions
 a - a potion of degeneration {unknown}
 c - a potion of attraction
 g - 4 potions of flight
 j - a potion of invisibility {unknown}
 k - a potion of mutation {unknown}


   Skills:
 + Level 7.2 Fighting
 + Level 2.8 Short Blades
 + Level 2.8 Long Blades
 + Level 2.8 Axes
 + Level 2.8 Maces & Flails
 + Level 2.8 Polearms
 + Level 2.8 Staves
 + Level 2.8 Ranged Weapons
 + Level 10.8 Throwing
 + Level 5.4 Armour
 + Level 2.8 Dodging
 + Level 2.8 Stealth
 + Level 2.8 Shields
 + Level 2.8 Unarmed Combat
 + Level 2.8 Spellcasting
 + Level 2.3 Conjurations
 + Level 2.3 Hexes
 + Level 2.3 Summonings
 + Level 2.3 Necromancy
 + Level 2.3 Translocations
 + Level 2.3 Transmutations
 + Level 2.3 Fire Magic
 + Level 2.3 Ice Magic
 + Level 2.3 Air Magic
 + Level 2.3 Earth Magic
 + Level 2.3 Poison Magic
 + Level 3.1 Invocations
 + Level 2.8 Evocations


You had 8 spell levels left.
You knew the following spells:

 Your Spells              Type           Power      Damage    Failure   Level
a - Swiftness             Air            6%         N/A       30%         3

Your spell library contained the following spells:

 Spells                   Type           Power      Damage    Failure   Level
 Shock                    Conj/Air       24%        1d4       11%         1
 Airstrike                Air            3%         2d(1-17)  71%         4


Dungeon Overview and Level Annotations

Branches:
Dungeon (5/15)             Temple (1/1) D:5

Altars:
Ashenzari
Cheibriados
Dithmenos
Elyvilon
Fedhas
Gozag
Kikubaaqudgha
Nemelex Xobeh
Okawaru
Qazlal
Sif Muna
Trog
Uskayaw
Vehumet
Wu Jian
Zin
The Shining One

Annotations:
D:5 Grinder


Innate Abilities, Weirdness & Mutations

You have very sharp teeth.
Your uncanny sense of smell can sniff out nearby items.
Your experience applies equally to all skills.


Message History

Grinder hits you.
Throw: 2 throwing nets
Press: ? - help, Q - select action, (/) - cycle Shift-Dir - straight line, f/p - Grinder
Aim: Grinder (lightly wounded, 61% to hit)
You throw a throwing net. The throwing net barely misses Grinder.
Grinder says, "You look like you could use a good racking."
Grinder misses you.
Throw: throwing net
Press: ? - help, Q - select action, (/) - cycle Shift-Dir - straight line, f/p - Grinder
Aim: Grinder (lightly wounded, 61% to hit)
You throw a throwing net. The throwing net hits Grinder.
Grinder is caught in the net!
Grinder is lightly wounded.
Grinder gestures at you.
You suddenly lose the ability to move!
Grinder struggles against the net.
Grinder gestures at you. You resist with some effort.
Grinder struggles against the net.
You can move again.
Grinder struggles against the net.
Grinder struggles against the net.
Grinder struggles against the net.
The net rips apart, and Grinder comes free!
Grinder gestures at you. You resist with almost no effort.
Grinder gestures at you. You resist with some effort. Grinder gestures at you.
You resist with almost no effort.
Grinder blinks!
Grinder hits you.
You writhe in agony.
Grinder attacks as you move away! Grinder hits you!
You writhe in agony.
Grinder attacks as you move away! Grinder hits you.
You writhe in agony.
Grinder says, "What is the universe for?"
Grinder attacks as you move away! Grinder hits you.
* * * LOW HITPOINT WARNING * * *
You writhe in agony.
* * * LOW HITPOINT WARNING * * *
Grinder gestures at you. Pain shoots through your body!
You die...

.))........#
.###'##'##'###
##.....#.....#
.#.....#.....###
.'##'##+##'##'.#
##..#.....#..#.#
#..#+###+#..#.# ##..#
#..#.#############
.+..+
+..+.<@.5........#
##..#
#..#############.#
##..# #..# .^..# #.#
.#..# #..#######..##
#.# .+##+
+##+.........###5# .#
#...........#.# ##
#.............# ## #
+###.............###.##
..................#.#.#


You could see Grinder.

Vanquished Creatures
  Sigmund (D:4)
  Duvessa (D:4)
  A centaur (D:5)
  A phantom (D:4)
  Dowan (D:4)
  Crazy Yiuf (D:4)
  2 hounds (D:5)
  2 iguanas (D:4)
  4 gnolls (D:5)
  2 adders (D:4)
  4 worms
  2 dart slugs (D:2)
  7 endoplasms
  3 giant cockroaches
  5 goblins
  7 hobgoblins
  2 jackals (D:4)
  5 quokkas
  7 ball pythons
  7 bats
  8 frilled lizards
  16 kobolds
  A rat (D:3)
90 creatures vanquished.

Vanquished Creatures (others)
  6 plants (D:4)
6 creatures vanquished.

Grand Total: 96 creatures vanquished

Notes
Turn   | Place    | Note
-------+----------+-------------------------------------------
     0 | D:1      | Reached skill level 10 in Throwing
     0 | D:1      | wormed the Gnoll Wanderer began the quest for the Orb.
     0 | D:1      | wormed set off with the following items: a +0 dagger, a
                  | potion of curing, 9 boomerangs, a +2 scale mail, a scroll
                  | of teleportation.
     0 | D:1      | Reached XP level 1. HP: 23/23 MP: 1/1
   213 | D:1      | Reached XP level 2. HP: 17/29 MP: 2/2
  1094 | D:1      | Reached XP level 3. HP: 27/35 MP: 3/3
  1425 | D:2      | Reached skill level 1 in Invocations
  2085 | D:2      | Reached skill level 1 in Short Blades
  2085 | D:2      | Reached skill level 1 in Long Blades
  2085 | D:2      | Reached skill level 1 in Axes
  2085 | D:2      | Reached skill level 1 in Maces & Flails
  2085 | D:2      | Reached skill level 1 in Polearms
  2085 | D:2      | Reached skill level 1 in Staves
  2085 | D:2      | Reached skill level 1 in Ranged Weapons
  2085 | D:2      | Reached skill level 1 in Dodging
  2085 | D:2      | Reached skill level 1 in Stealth
  2085 | D:2      | Reached skill level 1 in Shields
  2085 | D:2      | Reached skill level 1 in Unarmed Combat
  2085 | D:2      | Reached skill level 1 in Spellcasting
  2085 | D:2      | Reached skill level 1 in Evocations
  2450 | D:2      | Reached XP level 4. HP: 38/41 MP: 5/5
  3568 | D:4      | Reached skill level 1 in Conjurations
  3568 | D:4      | Reached skill level 1 in Hexes
  3568 | D:4      | Reached skill level 1 in Summonings
  3568 | D:4      | Reached skill level 1 in Necromancy
  3568 | D:4      | Reached skill level 1 in Translocations
  3568 | D:4      | Reached skill level 1 in Transmutations
  3568 | D:4      | Reached skill level 1 in Fire Magic
  3568 | D:4      | Reached skill level 1 in Ice Magic
  3568 | D:4      | Reached skill level 1 in Air Magic
  3568 | D:4      | Reached skill level 1 in Earth Magic
  3568 | D:4      | Reached skill level 1 in Poison Magic
  3715 | D:4      | Noticed Sigmund
  3762 | D:4      | Killed Sigmund
  3763 | D:4      | Reached XP level 5. HP: 35/47 MP: 7/7
  3763 | D:4      | Reached XP level 6. HP: 39/53 MP: 8/8
  3839 | D:4      | Reached skill level 5 in Armour
  4398 | D:4      | Noticed Dowan
  4399 | D:4      | Noticed Duvessa
  4467 | D:4      | Killed Duvessa
  4468 | D:4      | Reached XP level 7. HP: 6/59 MP: 10/10
  4469 | D:4      | HP: 4/88 [Dowan/+0 dagger (3)]
  4508 | D:4      | Killed Dowan
  4993 | D:4      | Found a runed translucent door.
  4994 | D:4      | Noticed Crazy Yiuf
  5355 | D:4      | Killed Crazy Yiuf
  5664 | D:5      | Entered Level 5 of the Dungeon
  5669 | D:5      | Learned a level 3 spell: Swiftness
  5860 | D:5      | Found a staircase to the Ecumenical Temple.
  5874 | Temple   | Entered the Ecumenical Temple
  6193 | Temple   | Became a worshipper of Cheibriados the Contemplative
  6280 | D:5      | Noticed Grinder
  6296 | D:5      | Paralysed by Grinder for 2 turns
  6321 | D:5      | Killed from afar by Grinder

Illustrated notes

Levels and vault maps discovered:
D:1:      dpeg_arrival_line_fractal, layout_loops_ring, minmay_distorted
D:2:      layout_loops_corners
D:3:      layout_loops_corners, serial_bayou_lake_a
D:4:      layout_cave_pods, minmay_lizard_king, uniq_crazy_yiuf_cottage,
          uniq_duvessa, uniq_sigmund
D:5:      layout_loops_ring, mainiacjoe_overflow_24_doors, temple_statues,
          uniq_grinder
Temple:   minmay_temple_bridge_d

Skill      XL: |  1  2  3  4  5  6  7 |
---------------+----------------------+-----
Throwing       | | 10.8
Invocations    | 1 2 3 |  3.1
Short Blades   | 1 2 |  2.8
Long Blades    | 1 2 |  2.8
Axes           | 1 2 |  2.8
Maces & Flails | 1 2 |  2.8
Polearms       | 1 2 |  2.8
Staves         | 1 2 |  2.8
Ranged Weapons | 1 2 |  2.8
Dodging        | 1 2 |  2.8
Stealth        | 1 2 |  2.8
Shields        | 1 2 |  2.8
Unarmed Combat | 1 2 |  2.8
Spellcasting   | 1 2 |  2.8
Evocations     | 1 2 |  2.8
Conjurations   | 1 2 |  2.3
Hexes          | 1 2 |  2.3
Summonings     | 1 2 |  2.3
Necromancy     | 1 2 |  2.3
Translocations | 1 2 |  2.3
Transmutations | 1 2 |  2.3
Fire Magic     | 1 2 |  2.3
Ice Magic      | 1 2 |  2.3
Air Magic      | 1 2 |  2.3
Earth Magic    | 1 2 |  2.3
Poison Magic   | 1 2 |  2.3
Armour         | 5 |  5.4
Fighting       | 7 |  7.2

Action                   |  1- 3 |  4- 6 |  7- 9 || total
-------------------------+-------+-------+-------++-------
Melee: Dagger            |   400 |     7 |       ||   407
       Bite              |    46 |    11 |     5 ||    62
       Punch             |     9 |     2 |     1 ||    12
       Staff             |       |   258 |    37 ||   295
       Quarterstaff      |       |       |    17 ||    17
 Fire: Shortbow          |       |       |     2 ||     2
Throw: Throwing net      |       |       |     2 ||     2
  Use: Scroll            |     7 |     3 |     1 ||    11
       Potion            |       |     9 |     7 ||    16
 Stab: Paralysed         |       |       |     1 ||     1
Armor: Scale mail        |   166 |   124 |    10 ||   300
       Skin              |       |    69 |    22 ||    91
       Robe              |       |       |     6 ||     6
Dodge: Dodged            |   135 |   133 |    24 ||   292

Table legend: (Time is in decaauts)
 A = Elapsed time spent in this place.
 B = Non-inter-level travel time spent in this place.
 C = Inter-level travel time spent in this place.
 D = Time resting spent in this place.
 E = Time spent auto-exploring this place.
 F = Levels seen in this place.
 G = Mean time per level.
                   A        B        C        D        E       F      G
               +--------+--------+--------+--------+--------+-----+--------+
         Total |   6384 |   5879 |    505 |    596 |   3914 |   6 | 1064.0 |
       Dungeon |   5974 |   5631 |    343 |    596 |   3679 |   5 | 1194.8 |
        Temple |    410 |    248 |    162 |      0 |    235 |   1 |  410.0 |
               +--------+--------+--------+--------+--------+-----+--------+

Top non-repeatable levels by time:
     D:4: 2123 daAuts
     D:2: 1428 daAuts
     D:1: 1179 daAuts
     D:3: 961 daAuts
  Temple: 410 daAuts
     D:5: 280 daAuts
